 Dungeon Crawl Stone Soup version 0.29.1-12-g30fa7ad0bf (webtiles) character file.

Game seed: 1436051710651090722

7 ThatPearl the Insei (level 2, -1/23 HPs)
             Began as a Meteoran Transmuter on Jan 8, 2023.
             Slain by a quokka (2 damage)
             ... on level 1 of the Dungeon.
             The game lasted 00:00:53 (80 turns).

ThatPearl the Insei (Meteoran Transmuter)             Turns: 80, Time: 00:00:53

Health: -1/23      AC:  2    Str: 11    XL:     2   Next: 23%
Magic:  5/6        EV: 12    Int: 20    God:
Gold:   23         SH:  0    Dex: 14    Spells: 3/6 levels left

rFire   . . .      SeeInvis .     - Unarmed
rCold   . . .      Faith    .   (no shield)
rNeg    . . .      Spirit   .   a - +0 robe
rPois   .          Reflect  .   (helmet currently unavailable)
rElec   .          Harm     .   (no cloak)
rCorr   .          Rampage  .   (no gloves)
Will    .....                   (boots currently unavailable)
Stlth   +.........              (no amulet)
HPRegen 0.07/turn               c - +6 ring of intelligence
MPRegen 0.10/turn               (no ring)

@: appendages, glowing
A: horns 2, talons 2, sense surroundings 1, otherworldly, glowing, explore regen
a: End Transformation


You were on level 1 of the Dungeon.
You had temporarily grown beastly horns and talons.
You visited 1 branch of the dungeon, and saw 1 of its levels.

You collected 23 gold pieces.

Inventory:

Armour
 a - a +0 robe (worn)
Jewellery
 c - a +6 ring of intelligence (left hand)
Scrolls
 e - a scroll of vulnerability {unknown}
Potions
 b - a potion of lignification
 d - a potion of ambrosia {unknown}


   Skills:
 + Level 1.4 Fighting
 - Level 2.4 Dodging
 + Level 3.8 Unarmed Combat
 + Level 2.9 Spellcasting
 + Level 2.6 Transmutations


You had 3 spell levels left.
You knew the following spells:

 Your Spells              Type           Power      Damage    Failure   Level
a - Beastly Appendage     Tmut           26%        N/A       4%          1
b - Wereblood             Tmut           13%        N/A       8%          2

Your spell library contained the following spells:

 Spells                   Type           Power      Damage    Failure   Level
 Spider Form              Tmut/Pois      8%         N/A       26%         3
 Ice Form                 Ice/Tmut       8%         N/A       63%         4


Dungeon Overview and Level Annotations

Branches:
Dungeon (1/15) Zot: 520

Altars:


Innate Abilities, Weirdness & Mutations

You have temporarily grown beastly horns and talons.
You passively map a small area around you.
You are easily found by Zot.
You glow in the dark.
You regain HP and MP as you explore.


Message History

The frilled lizard bites you.
You closely miss the frilled lizard. Your kick misses the frilled lizard.
The frilled lizard closely misses you.
You hit the frilled lizard but do no damage.
Your headbutt misses the frilled lizard.
You closely miss the frilled lizard. The frilled lizard barely misses you.
You punch the frilled lizard!
You kill the frilled lizard!
The dart slug launches a dart at you. The slug dart hits you.
* * * LOW HITPOINT WARNING * * *
A bat comes into view.
You see here a frilled lizard corpse.
You hit the dart slug.
You claw the dart slug, but do no damage.
The dart slug is severely wounded.
The dart slug bites you but does no damage.
You hit the dart slug but do no damage. You headbutt the dart slug.
You kill the dart slug!
Your transformation is almost over.
The bat hits you.
* * * LOW HITPOINT WARNING * * *
The bat hits you but does no damage.
You have reached level 2!
You hit the bat.
You kill the bat!
Memorise Wereblood, consuming 2 spell levels and leaving 3?
You start memorising the spell.
You continue memorising. x2
You finish memorising.
Spell assigned to 'b'.
A quokka comes into view.
Found a scroll labelled DYASIV ONUXKOILI.
Casting: Beastly Appendage (safe; 4% risk of failure)
Confirm with . or Enter, or press ? or * to list all spells.
You extend your transformation's duration.
The quokka bites you.
* * * LOW HITPOINT WARNING * * *
The quokka bites you.
* * * LOW HITPOINT WARNING * * *
You barely miss the quokka. Your kick misses the quokka. The quokka bites you.
You die...

*
#.....#####.##########
###.....# #.# ,
###.###.# #.# , , ...
#.# #.# * , ###.###†#
#.#* .####.....#* .. *
, ........#.#.... *
#######........,
#@###....,* #r#
*....#* * #.# *,##.# ,
#.? , # *, , , ##.* *
* , .# , * * *.# , ,*
.# * **


You could see a quokka.

Vanquished Creatures
  A dart slug (D:1)
  An endoplasm (D:1)
  A quokka (D:1)
  A bat (D:1)
  2 frilled lizards (D:1)
6 creatures vanquished.

Notes
Turn   | Place    | Note
-------+----------+-------------------------------------------
     0 | D:1      | ThatPearl the Meteoran Transmuter began the quest for the
                  | Orb.
     0 | D:1      | Reached XP level 1. HP: 16/16 MP: 5/5
    71 | D:1      | Reached XP level 2. HP: 3/23 MP: 6/6
    75 | D:1      | Learned a level 2 spell: Wereblood
    79 | D:1      | HP: 1/23 [quokka (4)]
    80 | D:1      | Slain by a quokka

Illustrated notes

Levels and vault maps discovered:
D:1:      lemuel_arrival_funnel, layout_loops_ring

Action                   || total
-------------------------++-------
Melee: Unarmed           ||    18
       Kick              ||     2
       Headbutt          ||     1
 Cast: Beastly Appendage ||     3
Armor: Robe              ||     4
Dodge: Dodged            ||     9
